Map: 环轨星港

Players

shengy

  • Race: Zerg Zerg
  • League: Gold

ZerglingChow - Winner!

  • Race: Zerg Zerg
  • League: Diamond

VOD

Have the link to the VOD?

Description

Time

  • Played on: Nov. 24, 2015, 9:47 p.m.
  • Length: 4:14
Show
View Real Time Build Order
Export as new Build Order

shengy Zerg 

Build Orders: Pool First 

Get SALT Encoding   

  12  0:02  Drone  
  13  0:08  Drone  
  14  0:17  Overlord  
  14  0:35  Drone  
  14  0:37  Drone x2  
  17  0:48  Drone  
  18  0:54  Spawning Pool  
  17  0:57  Drone  
  18  1:08  Drone  
  19  1:18  Hatchery  
  18  1:22  Drone  
  19  1:29  Overlord  
  19  1:41  Queen  
  19  1:43  Drone  
  22  1:51  Drone  
  23  2:02  Zergling x2  
  24  2:17  Spine Crawler, Queen  
  25  2:26  Zergling x4  
  27  2:35  Drone  
  28  2:37  Extractor  
  28  2:38  Drone  
  27  3:04  Drone x4  
  27  3:05  Roach Warren  
  26  3:27  Overlord  
  26  3:28  Zergling x2  
  26  3:30  Zergling x16  
  26  3:32  Overlord  
  35  3:39  Overlord  
Show
View Real Time Build Order
Export as new Build Order

ZerglingChow Zerg - Winner!

Build Orders: Pool First 

Get SALT Encoding   

  12  0:01  Drone  
  13  0:08  Drone  
  14  0:25  Extractor  
  14  0:28  Spawning Pool  
  12  0:32  Drone  
  12  0:35  Drone  
  14  0:45  Overlord  
  14  0:57  Extractor  
  14  0:58  Drone  
  15  1:07  Drone x2  
  17  1:15  Queen  
  19  1:26  Metabolic Boost  
  19  1:28  Drone  
  20  1:34  Zergling x2  
  20  1:38  Zergling x2  
  22  1:56  Hatchery  
  21  2:02  Overlord  
  21  2:24  Zergling x2  
  21  2:25  Zergling x10  
  27  2:40  Baneling Nest  
  27  2:41  Drone  
  27  2:50  Overlord  
  27  3:00  Zergling x2  
  27  3:01  Zergling x4  
  29  3:21  Drone x2  
  29  3:22  Queen  
  29  3:25  Zergling x4  
  35  3:29  Spine Crawler  
  35  3:31  Drone x2  
  36  3:41  Baneling x5  
  36  3:42  Baneling  
  36  3:43  Baneling  
  36  3:45  Drone  
  37  3:50  Drone  
  37  3:52  Drone  
Tags
 
Add a new tag
Caveats
  • Supply blocks, unpowered buildings, or Contaminate may cause inaccurate times.
  • Supply counts are checked every 10 seconds.